SL
DETROIT RENAISSANCE @ CHICAGO HAWKS
06/13/2024
 
TOP OF THE 1ST
Detroit Renaissance batting - Pitching for Chicago Hawks : RHP Joe Crown
Pitching: RHP Joe Crown
Batting: RHB Ulbert Sutkamp 0-0: Ball
1-0: Ball
2-0: Foul Ball, location: 2F
2-1: Called Strike
2-2: Ball
3-2: Ground out 6-3 (Groundball, 6M)
Batting: RHB Bernardo Herrera 0-0: Foul Ball, location: 2F
0-1: Ground out 5-3 (Groundball, 56)
Batting: LHB Mike Silver 0-0: Ground out 6-3 (Groundball, 6)
Top of the 1st over - 0 run(s), 0 hit(s), 0 error(s), 0 left on base; Detroit 0 - Chicago 0
BOTTOM OF THE 1ST
Chicago Hawks batting - Pitching for Detroit Renaissance : RHP Cris Mendoza
Pitching: RHP Cris Mendoza
Batting: RHB Ludwig Kluge 0-0: Ball
1-0: Fly out, F9 (Flyball, 9D)
Batting: SHB Evan Adams 0-0: Swinging Strike
0-1: Swinging Strike
0-2: Strikes out swinging
Batting: RHB Robbie Roach 0-0: Called Strike
0-1: Called Strike
0-2: Foul Ball, location: 2F
0-2: Ball
1-2: Ball
2-2: SINGLE (Groundball, 6MD)
Batting: RHB Iván Pérez 0-0: Called Strike
0-1: Swinging Strike
0-2: Foul Ball, location: 2F
0-2: Ball
1-2: Ball
2-2: 2-RUN HOME RUN (Flyball, 78XD), Distance : 394 ft
Batting: LHB Bill Griffin 0-0: Ball
1-0: Called Strike
1-1: Ball
2-1: Ball
3-1: Base on Balls
Batting: RHB Pablo Trujillo 0-0: Called Strike
0-1: Ball
1-1: Called Strike
1-2: Ball
2-2: Foul Ball, location: 2F
2-2: Ball
3-2: Foul Ball, location: 2F
3-2: TRIPLE (Groundball, 5L)
Bill Griffin scores
Batting: LHB Johnny Hernández 0-0: Called Strike
0-1: Ball
1-1: SINGLE (Groundball, 56D)
Pablo Trujillo scores
Batting: RHB Soseki Matsunaga 0-0: Foul Ball, location: 2F
0-1: Called Strike
0-2: SINGLE (Groundball, 56D)
Johnny Hernández to second
Batting: LHB Jeff Conklin 0-0: Ball
1-0: Called Strike
1-1: Ball
2-1: Ball
3-1: Called Strike
3-2: SINGLE (Groundball, 34)
Johnny Hernández to third
Soseki Matsunaga to second
Johnny Hernández scores
Soseki Matsunaga to third
Batting: RHB Ludwig Kluge 0-0: Ground out 6-3 (Groundball, 6)
Bottom of the 1st over - 5 run(s), 6 hit(s), 0 error(s), 2 left on base; Detroit 0 - Chicago 5
TOP OF THE 2ND
Detroit Renaissance batting - Pitching for Chicago Hawks : RHP Joe Crown
Batting: LHB Juan González 0-0: Ground out 6-3 (Groundball, 6)
Batting: LHB Michael Neely 0-0: Foul Ball, location: 2F
0-1: Ball
1-1: Foul Ball, location: 2F
1-2: Ball
2-2: Strikes out looking
Batting: LHB Gregory Johnson 0-0: Ball
1-0: SINGLE (Groundball, 34S)
Batting: LHB Gustavo Cortéz Pickoff Throw to First - Out!
Top of the 2nd over - 0 run(s), 1 hit(s), 0 error(s), 0 left on base; Detroit 0 - Chicago 5
BOTTOM OF THE 2ND
Chicago Hawks batting - Pitching for Detroit Renaissance : RHP Cris Mendoza
Batting: SHB Evan Adams 0-0: Ground out 6-3 (Groundball, 6M)
Batting: RHB Robbie Roach 0-0: Ball
1-0: Foul Ball, location: 2F
1-1: Ball
2-1: Foul Ball, location: 2F
2-2: Foul Ball, location: 2F
2-2: Foul Ball, location: 2F
2-2: Fly out, F8 (Flyball, 8RM)
Batting: RHB Iván Pérez 0-0: Swinging Strike
0-1: Fly out, F8 (Flyball, 8LM)
Bottom of the 2nd over - 0 run(s), 0 hit(s), 0 error(s), 0 left on base; Detroit 0 - Chicago 5
TOP OF THE 3RD
Detroit Renaissance batting - Pitching for Chicago Hawks : RHP Joe Crown
Batting: LHB Gustavo Cortéz 0-0: Called Strike
0-1: Ball
1-1: Ball
2-1: Ground out 4-3 (Groundball, 34)
Batting: LHB Tim Waters 0-0: Ball
1-0: SINGLE (Groundball, 6MD) (infield hit)
Batting: RHB Eric D'Angle 0-0: Ball
1-0: Called Strike
Tim Waters steals 2nd base
1-1: Called Strike
1-2: Ground out 4-3 (Groundball, 4)
Tim Waters to third
Batting: RHB Ulbert Sutkamp 0-0: Ball
1-0: Foul Ball, location: 2F
1-1: Foul Ball, location: 2F
1-2: Ball
2-2: Ground out 5-3 (Groundball, 5L)
Top of the 3rd over - 0 run(s), 1 hit(s), 0 error(s), 1 left on base; Detroit 0 - Chicago 5
BOTTOM OF THE 3RD
Chicago Hawks batting - Pitching for Detroit Renaissance : RHP Cris Mendoza
Batting: LHB Bill Griffin 0-0: Ball
1-0: Foul Ball, location: 2F
1-1: Ball
2-1: Ball
3-1: Called Strike
3-2: Base on Balls
Batting: RHB Pablo Trujillo 0-0: Ball
1-0: SINGLE (Line Drive, 56D)
Bill Griffin to second
Batting: LHB Johnny Hernández 0-0: Fly out, F8 (Flyball, 8RM)
Batting: RHB Soseki Matsunaga 0-0: Swinging Strike
0-1: Ball
1-1: Foul Ball, location: 2F
1-2: Ball
2-2: Ball
3-2: SINGLE (Line Drive, 56)
Bill Griffin to third
Pablo Trujillo to second
Batting: LHB Jeff Conklin 0-0: Foul Ball, location: 2F
0-1: Ball
1-1: Fly out, F8 (Flyball, 8LXD)
Runner from 3rd tags up, SCORES, no throw
Pablo Trujillo to third
Batting: RHB Ludwig Kluge 0-0: Called Strike
0-1: Foul Ball, location: 2F
0-2: Ball
1-2: Strikes out swinging
Bottom of the 3rd over - 1 run(s), 2 hit(s), 0 error(s), 2 left on base; Detroit 0 - Chicago 6
TOP OF THE 4TH
Detroit Renaissance batting - Pitching for Chicago Hawks : RHP Joe Crown
Batting: RHB Bernardo Herrera 0-0: Called Strike
0-1: Ball
1-1: Ball
2-1: Foul Ball, location: 2F
2-2: Ball
3-2: Fly out, F7 (Flyball, 78D)
Batting: LHB Mike Silver 0-0: Ball
1-0: Foul Ball, location: 2F
1-1: Fly out, F9 (Flyball, 89D)
Batting: LHB Juan González 0-0: Ball
1-0: Foul Ball, location: 2F
1-1: Ball
2-1: Ball
3-1: Ground out 4-3 (Groundball, 4)
Top of the 4th over - 0 run(s), 0 hit(s), 0 error(s), 0 left on base; Detroit 0 - Chicago 6
BOTTOM OF THE 4TH
Chicago Hawks batting - Pitching for Detroit Renaissance : RHP Cris Mendoza
Pitching: RHP Albert Blake
Batting: SHB Evan Adams 0-0: Ball
1-0: Ball
2-0: Ball
3-0: Base on Balls
Batting: RHB Robbie Roach 0-0: Ball
1-0: Called Strike
1-1: Foul Ball, location: 2F
1-2: Ball
2-2: SINGLE (Groundball, 56D)
Evan Adams to second
Batting: RHB Iván Pérez 0-0: Ball
1-0: Ball
2-0: Ball
3-0: Called Strike
3-1: 3-RUN HOME RUN (Flyball, 7LD), Distance : 349 ft
Batting: LHB Bill Griffin 0-0: Ball
1-0: Called Strike
1-1: Ball
2-1: Foul Ball, location: 2F
2-2: Ball
3-2: Strikes out swinging
Batting: RHB Pablo Trujillo 0-0: Foul Ball, location: 2F
0-1: Ball
1-1: Swinging Strike
1-2: Ball
2-2: Ball
3-2: Foul Ball, location: 2F
3-2: Base on Balls
Batting: LHB Johnny Hernández 0-0: Ball
1-0: Ball
2-0: Called Strike
2-1: Ground out 4-3 (Groundball, 4M)
Pablo Trujillo to second
Batting: RHB Soseki Matsunaga 0-0: Called Strike
0-1: Swinging Strike
0-2: SINGLE (Groundball, 5L)
Pablo Trujillo to third
Runner from 3rd tries for Home, SAFE, no throw or cutoff
Pitching: RHP Connor Phelps
Batting: LHB Jeff Conklin 0-0: Called Strike
0-1: Ground out U3 (Groundball, 3L)
Bottom of the 4th over - 4 run(s), 3 hit(s), 0 error(s), 1 left on base; Detroit 0 - Chicago 10
TOP OF THE 5TH
Detroit Renaissance batting - Pitching for Chicago Hawks : RHP Joe Crown
Batting: LHB Michael Neely 0-0: Ball
1-0: Called Strike
1-1: Foul Ball, location: 2F
1-2: Ball
2-2: Ball
3-2: Fly out, F2 (Popup, 2L)
Batting: LHB Gregory Johnson 0-0: Ball
1-0: Fly out, F7 (Flyball, 7M)
Batting: LHB Gustavo Cortéz 0-0: Called Strike
0-1: Foul Ball, location: 2F
0-2: Strikes out swinging
Top of the 5th over - 0 run(s), 0 hit(s), 0 error(s), 0 left on base; Detroit 0 - Chicago 10
BOTTOM OF THE 5TH
Chicago Hawks batting - Pitching for Detroit Renaissance : RHP Connor Phelps
Batting: RHB Ludwig Kluge 0-0: Ball
1-0: Ball
2-0: Ball
3-0: Called Strike
3-1: Called Strike
3-2: Strikes out looking
Batting: SHB Evan Adams 0-0: Ball
1-0: Fly out, F8 (Flyball, 8LM)
Batting: RHB Robbie Roach 0-0: Foul Ball, location: 2F
0-1: Ball
1-1: Ball
2-1: Ball
3-1: Foul Ball, location: 2F
3-2: Foul Ball, location: 2F
3-2: Base on Balls
Batting: RHB Iván Pérez 0-0: Called Strike
0-1: Swinging Strike
0-2: Foul Ball, location: 2F
0-2: SINGLE (Groundball, 56)
Robbie Roach to second
Batting: LHB Bill Griffin 0-0: Ball
1-0: Called Strike
1-1: Foul Ball, location: 2F
1-2: Foul Ball, location: 2F
1-2: SINGLE (Groundball, 4MD)
Robbie Roach to third
Iván Pérez to second
Runner from 3rd tries for Home, SAFE, throw made at trailing runner, OUT at third!
Bottom of the 5th over - 1 run(s), 2 hit(s), 0 error(s), 1 left on base; Detroit 0 - Chicago 11
TOP OF THE 6TH
Detroit Renaissance batting - Pitching for Chicago Hawks : RHP Joe Crown
Batting: LHB Tim Waters 0-0: Called Strike
0-1: Ball
1-1: Called Strike
1-2: Ball
2-2: Foul Ball, location: 2F
2-2: Ball
3-2: DOUBLE (Line Drive, 3L)
Batting: RHB Eric D'Angle 0-0: Ball
1-0: Called Strike
1-1: Swinging Strike
1-2: SINGLE (Line Drive, 89S)
Tim Waters to third
Runner from 3rd tries for Home, SAFE, no throw or cutoff
Batting: RHB Ulbert Sutkamp 0-0: Swinging Strike
0-1: Ball
1-1: Called Strike
1-2: Fly out, F8 (Flyball, 8RD)
Batting: RHB Bernardo Herrera 0-0: Called Strike
0-1: Ball
1-1: SINGLE (Groundball, 56D) (infield hit)
Eric D'Angle to second
Batting: LHB Mike Silver 0-0: Ball
Eric D'Angle steals 3rd base
Bernardo Herrera to second
1-0: Called Strike
1-1: Ball
2-1: Ball
3-1: Base on Balls
Batting: LHB Juan González 0-0: Foul Ball, location: 2F
0-1: Fly out, F3 (Line Drive, 34)
0-1: Fly out, F3 (Line Drive, 34)
Batting: LHB Michael Neely 0-0: Ball
1-0: Ball
2-0: Swinging Strike
2-1: Ball
3-1: Ground out 6-3 (Groundball, 6)
Top of the 6th over - 1 run(s), 3 hit(s), 0 error(s), 3 left on base; Detroit 1 - Chicago 11
BOTTOM OF THE 6TH
Chicago Hawks batting - Pitching for Detroit Renaissance : RHP Connor Phelps
Batting: RHB Pablo Trujillo 0-0: Ball
1-0: Ball
2-0: Ground out 6-3 (Groundball, 6M)
Batting: LHB Johnny Hernández 0-0: Ball
1-0: Ball
2-0: Ball
3-0: Base on Balls
Batting: RHB Soseki Matsunaga 0-0: Ball
1-0: Foul Ball, location: 2F
1-1: Fly out, F7 (Line Drive, 78D)
Batting: LHB Jeff Conklin 0-0: Foul Ball, location: 2F
0-1: Fielders Choice at 2nd, U4 (Groundball, 4M)
Bottom of the 6th over - 0 run(s), 0 hit(s), 0 error(s), 1 left on base; Detroit 1 - Chicago 11
TOP OF THE 7TH
Detroit Renaissance batting - Pitching for Chicago Hawks : RHP Joe Crown
Batting: LHB Gregory Johnson 0-0: Called Strike
0-1: Foul Ball, location: 2F
0-2: Foul Ball, location: 2F
0-2: Ground out 4-3 (Groundball, 4)
Batting: LHB Gustavo Cortéz 0-0: Ball
1-0: Called Strike
1-1: Ball
2-1: Swinging Strike
2-2: SINGLE (Groundball, 56)
Batting: LHB Tim Waters 0-0: Called Strike
0-1: Swinging Strike
0-2: Ball
1-2: Foul Ball, location: 2F
1-2: Fly out, F8 (Flyball, 8RS)
Batting: RHB Eric D'Angle 0-0: Called Strike
0-1: Ball
1-1: Called Strike
1-2: Ground out 5-3 (Groundball, 5S)
Top of the 7th over - 0 run(s), 1 hit(s), 0 error(s), 1 left on base; Detroit 1 - Chicago 11
BOTTOM OF THE 7TH
Chicago Hawks batting - Pitching for Detroit Renaissance : RHP Connor Phelps
Batting: RHB Ludwig Kluge 0-0: Ball
1-0: Called Strike
1-1: Ball
2-1: Swinging Strike
2-2: Ball
3-2: Base on Balls
Batting: SHB Evan Adams 0-0: Bunt missed!
0-1: Sac Bunt - play at first, batter OUT! 1-4
Ludwig Kluge to second
Batting: RHB Robbie Roach 0-0: Called Strike
0-1: Foul Ball, location: 2F
0-2: Foul Ball, location: 2F
0-2: Ball
1-2: Ball
2-2: Fly out, F9 (Flyball, 9LM)
Batting: RHB Iván Pérez 0-0: Ball
1-0: Ground out 5-3 (Groundball, 56)
Bottom of the 7th over - 0 run(s), 0 hit(s), 0 error(s), 1 left on base; Detroit 1 - Chicago 11
TOP OF THE 8TH
Detroit Renaissance batting - Pitching for Chicago Hawks : RHP Joe Crown
Now at C: Carl Carlson
Now at 1B: Elvis Larson
Now at SS: Jeremiah Spencer
Batting: RHB Ulbert Sutkamp 0-0: Ball
1-0: Called Strike
1-1: Called Strike
1-2: Strikes out swinging
Batting: RHB Bernardo Herrera 0-0: Ball
1-0: Ball
2-0: Foul Ball, location: 2F
2-1: Ball
3-1: Foul Ball, location: 2F
3-2: Foul Ball, location: 2F
3-2: Base on Balls
Pitching: RHP Suezo Sato
Batting: LHB Mike Silver 0-0: Ball
1-0: Ball
2-0: Called Strike
2-1: Ball
3-1: Called Strike
3-2: Ground out 4-3 (Groundball, 4)
Bernardo Herrera to second
Batting: LHB Juan González 0-0: Ball
Wild Pitch!
Bernardo Herrera to third
1-0: Ball
2-0: Foul Ball, location: 2F
2-1: Fly out, F7 (Popup, 7S)
Top of the 8th over - 0 run(s), 0 hit(s), 0 error(s), 1 left on base; Detroit 1 - Chicago 11
BOTTOM OF THE 8TH
Chicago Hawks batting - Pitching for Detroit Renaissance : RHP Connor Phelps
Pitching: LHP José Ortíz
Pinch Hitting: RHB Steve McLeod 0-0: SINGLE (Flyball, 8LM)
Batting: RHB Pablo Trujillo 0-0: Sac Bunt - play at first, batter OUT! 1-3
Steve McLeod to second
Batting: LHB Johnny Hernández 0-0: Fly out, F7 (Flyball, 8LM)
Batting: RHB Soseki Matsunaga 0-0: Ball
1-0: Ground out 6-3 (Groundball, 6)
Bottom of the 8th over - 0 run(s), 1 hit(s), 0 error(s), 1 left on base; Detroit 1 - Chicago 11
TOP OF THE 9TH
Detroit Renaissance batting - Pitching for Chicago Hawks : RHP Suezo Sato
Now in RF: Steve McLeod
Batting: LHB Michael Neely 0-0: Called Strike
0-1: Ball
1-1: Ball
2-1: Swinging Strike
2-2: Ball
3-2: Base on Balls
Batting: LHB Gregory Johnson 0-0: Called Strike
0-1: Called Strike
0-2: Strikes out swinging
Batting: LHB Gustavo Cortéz 0-0: Called Strike
Balk!
Michael Neely to second
0-1: Ball
1-1: Ball
2-1: Fly out, F8 (Flyball, 8LD)
Runner from 2nd tags up, SAFE at 3rd, no throw
Batting: LHB Tim Waters 0-0: Ball
1-0: Swinging Strike
1-1: Foul Ball, location: 2F
1-2: Foul Ball, location: 2F
1-2: Foul Ball, location: 2F
1-2: Ball
2-2: SINGLE (Line Drive, 34)
Michael Neely scores
Batting: RHB Eric D'Angle 0-0: Swinging Strike
0-1: Called Strike
0-2: Foul Ball, location: 2F
0-2: Strikes out swinging
Top of the 9th over - 1 run(s), 1 hit(s), 0 error(s), 1 left on base; Detroit 2 - Chicago 11
This league is powered by Out of the Park Baseball, the baseball management simulation game for PC, Mac and Linux
Monday, October 3rd, 2016 - OOTP Baseball 16.9 Build 39